 Dungeon Crawl Stone Soup version 0.30-b1-2-g02819fbbbe (webtiles) character file.

Game seed: 17128234463293315778

2144 LLlMATKO the Cleaver (level 9, -11/81 HPs)
             Began as a Minotaur Berserker on July 5, 2023.
             Was a Priest of Trog.
             Killed from afar by an electric eel (13 damage)
             ... with a bolt of electricity
             ... on level 7 of the Dungeon.
             The game lasted 00:04:31 (6139 turns).

LLlMATKO the Cleaver (Minotaur Berserker)           Turns: 6139, Time: 00:04:32

Health: -11/81     AC: 15    Str: 26    XL:     9   Next: 9%
Magic:  8/8        EV:  9    Int:  4    God:    Trog [***...]
Gold:   357        SH:  0    Dex: 10    Spells: 8/8 levels left

rFire   . . .        z - +0 war axe (elec)
rCold   . . .        (no shield)
rNeg    . . .        a - +0 plate armour
rPois   .            (helmet restricted)
rElec   .            r - +1 cloak
rCorr   +            (no gloves)
SInv    .            (no boots)
Will    .....        (no amulet) Stlth
                     n - ring of resist corrosion
HPRegen 0.33/turn    (no ring)
MPRegen 0.11/turn

%: no passive effects
@: on berserk cooldown, slowed, very slow
A: horns 2, retaliatory headbutt
a: Renounce Religion, Berserk, Trog's Hand


You were on level 7 of the Dungeon.
You worshipped Trog.
Trog was most pleased with you.
You visited 1 branch of the dungeon, and saw 7 of its levels.

You collected 357 gold pieces.

Inventory:

Hand Weapons
 y - a +3 spear of venom
 z - a +0 war axe of electrocution (weapon)
Missiles
 o - 5 curare-tipped darts (quivered)
 t - a throwing net
 x - a silver boomerang
Armour
 a - a +0 plate armour (worn)
 r - a +1 cloak (worn)
Jewellery
 k - a ring of willpower
 n - a ring of resist corrosion (left hand)
 C - a ring of positive energy
 D - a ring of see invisible
Wands
 E - a wand of acid (3)
Scrolls
 b - a scroll of torment {unknown}
 d - a scroll of immolation {unknown}
 g - 2 scrolls of amnesia {unknown}
 l - a scroll of poison
 m - a scroll of teleportation {unknown}
 p - a scroll of magic mapping {unknown}
 q - 2 scrolls of vulnerability {unknown}
 s - 6 scrolls of noise {unknown}
 u - a scroll of blinking {unknown}
 w - 5 scrolls of identify {unknown}
Potions
 c - 2 potions of resistance {unknown}
 e - 2 potions of might {unknown}
 f - 2 potions of lignification {unknown}
 h - 3 potions of flight {unknown}
 i - 2 potions of heal wounds {unknown}
 j - 6 potions of degeneration {unknown}
 v - a potion of cancellation {unknown}
 A - 2 potions of curing {unknown}
 B - a potion of haste {unknown}


   Skills:
 + Level 8.1 Fighting
 + Level 8.1 Axes
 + Level 7.5 Armour
 + Level 6.9 Dodging


You had 8 spell levels left.
You didn't know any spells.
Your spell library was empty.

Dungeon Overview and Level Annotations

Branches:
Dungeon (7/15)
 Temple: D:4-7

Altars:
Dithmenos
Fedhas
Hepliaklqana
Nemelex Xobeh
Wu Jian

Shops:
D:5 [


Innate Abilities, Weirdness & Mutations

You have a pair of horns on your head.
You reflexively headbutt those who attack you in melee.


Message History

There is a shadowy altar of Dithmenos here.
You start resting.
An electric eel comes into view.
An electric eel is nearby!
An electric eel is nearby!
The electric eel shoots out a bolt of lightning at you!
The bolt of electricity hits you.
The electric eel shoots out a bolt of lightning at you!
The bolt of electricity hits you!
* * * LOW HITPOINT WARNING * * *
You closely miss the electric eel. You miss the electric eel.
You headbutt the electric eel, but do no damage.
The electric eel shoots out a bolt of lightning at you!
The bolt of electricity hits you!
* * * LOW HITPOINT WARNING * * *
The electric eel shoots out a bolt of lightning at you!
The bolt of electricity hits you!
* * * LOW HITPOINT WARNING * * *
The air fills with toxic fumes!
As you read the scroll labelled XYARAT HIFESAP, it crumbles to dust.
It was a scroll of poison.
Why would you want to do that?
Really walk into that cloud of poison gas? [Y]es or [N]o only, please.
Really walk into that cloud of poison gas?
Okay, then.
You slash the electric eel!
The electric eel is almost dead.
The electric eel shoots out a bolt of lightning at you!
The bolt of electricity hits you!
* * * LOW HITPOINT WARNING * * *
Unknown command.
Really walk into that cloud of poison gas?
Okay, then.
You barely miss the electric eel.
The electric eel is almost dead.
The electric eel shoots out a bolt of lightning at you!
The bolt of electricity hits you!
You die...

#......#....≈#####≈##
#......#§§§§≈#§§§#≈#
##.....##§§§≈#§§§# #
##.....##§§§§#§§§#§#
#.......§§§§§##§##§# §#
#.......§§§§§§§§§§§#§§#
#.......§§§§§§§§§§§§§#
####...###§§§§S§§§§###
##### ###≈##@##≈#
#≈#§§§#≈# #≈#§§§# #
#≈#§§§# #≈##### #≈≈


You could see an electric eel.

Vanquished Creatures
  Sigmund (D:5)
  A steam dragon (D:7)
  2 sky beasts (D:7)
  3 black bears
  An ice beast (D:7)
  2 ogres
  A phantom (D:7)
  3 bullfrogs
  A scorpion (D:5)
  An electric eel (D:7)
  Crazy Yiuf (D:3)
  4 hounds
  A jelly (D:5)
  A gnoll bouda (D:7)
  8 iguanas
  A sleepcap (D:4)
  Jessica (D:2)
  An orc wizard (D:5)
  7 gnolls
  13 adders
  A white imp (D:7)
  3 worms
  2 dart slugs (D:3)
  8 orcs
  6 bats
  8 endoplasms
  2 giant cockroaches
  5 goblins
  7 hobgoblins
  2 jackals (D:5)
  5 quokkas
  6 ball pythons
  2 frilled lizards
  2 kobolds
  5 rats
118 creatures vanquished.

Vanquished Creatures (others)
  8 plants (D:6)
8 creatures vanquished.

Grand Total: 126 creatures vanquished

Notes
Turn   | Place    | Note
-------+----------+-------------------------------------------
     0 | D:1      | LLlMATKO the Minotaur Berserker began the quest for the
                  | Orb.
     0 | D:1      | Reached XP level 1. HP: 19/19 MP: 0/0
   274 | D:1      | Reached XP level 2. HP: 26/27 MP: 1/1
   863 | D:2      | Reached XP level 3. HP: 29/33 MP: 2/2
  1153 | D:2      | Noticed Jessica
  1159 | D:2      | Killed Jessica
  1160 | D:2      | Reached XP level 4. HP: 16/41 MP: 3/3
  1795 | D:2      | Found a faded altar of an unknown god.
  2036 | D:3      | Reached ** piety under Trog
  2086 | D:3      | Found a runed translucent door.
  2087 | D:3      | Noticed Crazy Yiuf
  2367 | D:3      | Identified the +1 leather armour of Jeer {Will+ Str+3
                  | Slay+3}
  2737 | D:3      | Found an ornate altar of the Wu Jian Council.
  2893 | D:3      | Killed Crazy Yiuf
  2894 | D:3      | Reached XP level 5. HP: 47/47 MP: 4/4
  3436 | D:4      | Reached skill level 5 in Fighting
  3542 | D:4      | Reached skill level 5 in Axes
  3612 | D:4      | Identified the staff of poison "Qotzapoj" {rPois rN+ Will-
                  | SInv}
  3635 | D:4      | Reached XP level 6. HP: 53/56 MP: 5/5
  4454 | D:5      | Entered Level 5 of the Dungeon
  4454 | D:5      | Found Doucsotu's Antique Armour Boutique.
  4460 | D:5      | Reached XP level 7. HP: 60/62 MP: 6/6
  4466 | D:5      | Reached skill level 5 in Armour
  4554 | D:5      | Noticed Sigmund
  4565 | D:5      | Killed Sigmund
  4566 | D:5      | Reached skill level 5 in Dodging
  4910 | D:5      | Reached *** piety under Trog
  4911 | D:5      | Reached XP level 8. HP: 63/71 MP: 7/7
  5379 | D:6      | Found a hazy altar of Hepliaklqana.
  5658 | D:6      | Found a blossoming altar of Fedhas.
  5987 | D:7      | Reached XP level 9. HP: 81/81 MP: 8/8
  6115 | D:7      | Found a shadowy altar of Dithmenos.
  6115 | D:7      | Found a sparkling altar of Nemelex Xobeh.
  6138 | D:7      | HP: 1/81 [electric eel/bolt of electricity (8)]
  6139 | D:7      | Killed from afar by an electric eel

Illustrated notes

Levels and vault maps discovered:
D:1:      dpeg_arrival_arbitrary_a, layout_basic, minmay_misc_feat_iff,
          kennysheep_doodads
D:2:      layout_loops_corners, basic_ecumenical_altar, minmay_misc_feat_rows,
          moated_statue, kennysheep_jessica_study
D:3:      layout_basic, nicolae_wu_jian_glorious_leap, uniq_crazy_yiuf_cottage
D:4:      layout_basic, grunt_ministairs_1, serial_park_tiny_1, dk_vineyard_2
D:5:      layout_basic, nicolae_stop_n_shop_1, uniq_sigmund
D:6:      layout_gridville, nicolae_hepliaklqana_hazy_memory,
          mainiacjoe_overflow_paths
D:7:      layout_gridville, kennysheep_little_box,
          nicolae_overflow_two_pavilions, minmay_temple_entry_trees

Skill      XL: |  1  2  3  4  5  6  7  8  9 |
---------------+----------------------------+-----
Fighting       | 4 5 6 7 8 |  8.1
Axes           | 4 5 6 7 8 |  8.1
Armour         | 3 4 6 7 |  7.5
Dodging        | 3 4 5 6 |  6.9

Action                     |  1- 3 |  4- 6 |  7- 9 || total
---------------------------+-------+-------+-------++-------
  Melee: Hand axe          |    52 |   114 |    26 ||   192
         Headbutt          |     8 |    19 |    22 ||    49
         Punch             |     2 |     2 |     4 ||     8
         War axe           |       |       |   103 ||   103
 Invoke: Berserk           |     1 |     3 |     3 ||     7
    Use: Scroll            |       |       |     1 ||     1
 Armour: Animal skin       |     8 |     1 |       ||     9
         Scale mail        |       |    33 |    24 ||    57
         Plate armour      |       |       |    66 ||    66
  Dodge: Dodged            |    31 |    64 |    46 ||   141
